 Dungeon Sprint DCSS version 0.22.1-1-ga44c0e56f4 (webtiles) character file.

351 MuseOD the Covert (level 6, -9/33 (35) HPs)
             Began as a Spriggan Enchanter on Sept 23, 2018.
             Mangled by a merfolk siren
             ... wielding a +0 antimagic spear
              (13 damage)
             ... in the Dungeon (Sprint II: "The Violet Keep of Menkaure").
             The game lasted 00:01:06 (267 turns).

MuseOD the Covert (Spriggan Enchanter)               Turns: 267, Time: 00:01:06

HP:   -9/33 (35)    AC:  2    Str:  4    XL:     6   Next: 34%
MP:   0/11          EV: 18    Int: 19    God:
Gold: 243           SH:  0    Dex: 16    Spells: 4/10 levels left

rFire    . . .     SeeInvis +   a - +1 dagger
rCold    . . .     Gourm    .   (shield restricted)
rNeg     . . .     Faith    .   b - +0 robe
rPois    .         Spirit   .   (helmet restricted)
rElec    .         Reflect  .   (no cloak)
rCorr    .         Harm     .   (gloves unavailable)
MR       +....     NoTele   +   (boots unavailable)
Stlth    +++++.....             (no amulet)
HPRegen  0.11/turn              (no ring)
MPRegen  0.12/turn              (no ring)

@: very quick
A: very small, unfitting armour, see invisible, herbivore, speed 3, slow
metabolism 2
a: no special abilities


You were in the Dungeon.
You were not hungry.

You visited 1 branch You collected 243 gold pieces.

Inventory:

Hand Weapons
 a - a +1 dagger (weapon)
Armour
 b - a +0 robe (worn)
Scrolls
 j - a scroll of blinking
Potions
 e - a potion of curing
 f - a potion of heal wounds
 g - a potion of haste
 h - 2 potions of magic
Comestibles
 d - a ration


   Skills:
 - Level 5.5 Fighting
 - Level 10.4 Short Blades
 - Level 3.0 Dodging
 + Level 11.2 Stealth
 + Level 2.6 Spellcasting
 + Level 3.6 Hexes


You had 4 spell levels left.
You knew the following spells:

 Your Spells              Type           Power        Failure   Level  Hunger
a - Corona                Hex            ###....      3%          1    None
b - Ensorcelled Hibernat  Hex/Ice        #.....       12%         2    ##.....
c - Confuse               Hex            ###.....     11%         3    ###....

Your spell library contained the following spells:

 Spells                   Type           Power        Failure   Level  Hunger
 Tukima's Dance           Hex            ###.....     11%         3    ###....
 Dazzling Spray           Conj/Hex       #.....       22%         3    ###....


Dungeon Overview and Level Annotations

Branches:
Dungeon (1/1)

Altars:


Innate Abilities, Weirdness & Mutations

You are very small and have problems with some larger weapons.
You are too small for most types of armour.
You have supernaturally acute eyesight. (SInv)
You are a herbivore.
You cover ground extremely quickly.
You need to consume almost no food.


Message History

There's nothing to close nearby.
There's nothing to close nearby.
There's nothing to close nearby.
A merfolk siren opens the door.
You close the door.
A merfolk siren opens the door.
As you close the door, it creaks loudly!
A merfolk siren opens the door.
You close the door.
A merfolk siren opens the door.
You close the door.
A merfolk siren opens the door.
You close the door.
A merfolk siren opens the door.
Casting: Confuse (safe; 11% risk of failure)
Confirm with . or Enter, or press ? or * to list all spells.
Aiming: Confuse (safe; 11% risk of failure)
Press: ? - help, Shift-Dir - straight line, f/p - merfolk siren
Aim: a merfolk siren, wielding an antimagic spear (chance to defeat MR: 16%)
The merfolk siren resists with almost no effort.
The merfolk siren hits you from afar with an antimagic spear.
* * * LOW HITPOINT WARNING * * *
The merfolk siren hits you with an antimagic spear!
You die...

##+## ##...##
#..#..#
####.m.# #
##.###'## .##
#...##.##$w.#
+##.@m<.+#
#..รท##.##.w.#
##.###+# .##
## .#. # H# #H
## ##


You could see a merfolk siren.

Vanquished Creatures
  4 necrophages (D)
4 creatures vanquished.

Vanquished Creatures (others)
  Menkaure (D)
  A crocodile (D)
2 creatures vanquished.

Grand Total: 6 creatures vanquished

Notes
Turn   | Place    | Note
-------+----------+-------------------------------------------
     0 | D        | MuseOD the Spriggan Enchanter began the quest for the Orb.
     0 | D        | Reached XP level 1. HP: 9/9 MP: 5/5
     1 | D        | Noticed a tyrant leech
     1 | D        | Noticed a tyrant leech
     4 | D        | Noticed a merfolk siren
     8 | D        | Noticed a hippogriff
     8 | D        | Noticed a hippogriff
     9 | D        | Killed a crocodile
    11 | D        | Noticed a necrophage
    11 | D        | Noticed a necrophage
    11 | D        | Noticed a necrophage
    11 | D        | Noticed a necrophage
    18 | D        | Killed a necrophage
    18 | D        | Reached skill level 8 in Stealth
    18 | D        | Reached XP level 2. HP: 11/14 MP: 6/6
    18 | D        | Reached XP level 3. HP: 14/18 MP: 8/8
    18 | D        | Reached XP level 4. HP: 17/22 MP: 9/9
    24 | D        | Killed a necrophage
    24 | D        | Reached skill level 9 in Stealth
    24 | D        | Reached XP level 5. HP: 18/28 MP: 10/10
    30 | D        | Killed a necrophage
    30 | D        | Reached skill level 5 in Fighting
    30 | D        | Reached skill level 10 in Stealth
    38 | D        | Killed a necrophage
    38 | D        | Reached skill level 10 in Short Blades
    38 | D        | Reached skill level 11 in Stealth
    38 | D        | Reached XP level 6. HP: 15/33 MP: 11/11
    44 | D        | Learned a level 2 spell: Ensorcelled Hibernation
    45 | D        | Killed Menkaure
    48 | D        | Learned a level 3 spell: Confuse
   267 | D        | Mangled by a merfolk siren

Skill      XL: |  1  2  3  4  5 |
---------------+----------------+-----
Fighting       | 3 4 5 |  5.5
Short Blades   | 6 8 10 | 10.4
Stealth        | 8 9 11 | 11.2
Dodging        | |  3.0
Spellcasting   | |  2.6
Hexes          | |  3.6

Action                   |  1- 3 |  4- 6 || total
-------------------------+-------+-------++-------
Melee: Dagger            |     4 |    19 ||    23
 Cast: Confuse           |       |     4 ||     4
       Ensorcelled Hiber |       |     1 ||     1
  Use: Potion            |     1 |       ||     1
Armor: Robe              |       |     1 ||     1
Dodge: Dodged            |       |     5 ||     5
